Map: Acropolis LE

Players

Poochy

  • Race: Zerg Zerg
  • League: Diamond
  • Spawn Location: 5:00

A.I. 1 (Very Easy) - Winner!

  • Race: Protoss Protoss
  • Spawn Location: 11:00

VOD

Have the link to the VOD?

Description

Time

  • Played on: July 2, 2019, 4:05 p.m.
  • Length: 4:32
Show
View Real Time Build Order
Export as new Build Order

Poochy Zerg 

Build Orders: Hatch First 

Get SALT Encoding   

  12  0:02  Drone  
  13  0:13  Overlord  
  13  0:17  Drone  
  14  0:31  Drone x2  
  17  0:35  Drone  
  17  0:53  Hatchery  
  17  0:56  Drone  
  17  1:03  Drone  
  18  1:06  Extractor  
  17  1:16  Spawning Pool  
  16  1:19  Drone  
  16  1:22  Drone  
  18  1:30  Drone  
  19  1:40  Drone  
  20  1:52  Overlord  
  20  2:06  Queen x2  
  24  2:08  Zergling x4  
  24  2:10  Metabolic Boost  
  24  2:14  Drone  
  27  2:17  Drone  
  28  2:30  Evolution Chamber  
  28  2:32  Drone x2  
  28  2:35  Overlord  
  29  2:42  Drone  
  30  2:53  Drone x2  
  32  3:15  Baneling Nest  
  32  3:18  Extractor  
  30  3:21  Drone x6  
  30  3:22  Drone x4  
  40  3:38  Drone x2  
  40  3:39  Drone  
  43  3:59  Drone  
  43  4:00  Overlord x2  
  43  4:01  Overlord  
  43  4:18  Drone  
  43  4:19  Drone  
  43  4:20  Drone x3  
Show
View Real Time Build Order
Export as new Build Order

A.I. 1 (Very Easy) Protoss - Winner!

Build Orders:  

Get SALT Encoding   

  12  0:00  Probe  
  13  0:13  Probe  
  14  0:19  Pylon  
  14  0:37  Assimilator  
  14  0:43  Gateway  
  14  0:46  Pylon  
  14  1:13  Assimilator  
  14  1:17  Probe  
  14  1:25  Probe  
  16  1:33  Probe, Cybernetics Core  
  17  1:44  Probe  
  18  1:56  Probe  
  18  1:59  Warp Gate  
  19  2:04  Probe  
  20  2:11  Stalker  
  22  3:52  Probe  
  22  4:21  Stalker  
Tags
 
League
Diamond
Matchup
PvZ
Spawn Locations
Cross Positions
Add a new tag
Caveats
  • Supply blocks, unpowered buildings, or Contaminate may cause inaccurate times.
  • Supply counts are checked every 10 seconds.